 Dungeon Sprint DCSS version 0.27.1-34-g3ba077fa99 (webtiles) character file.

Game seed: 2352364995551045705

730 boopmooplesden the Blocker (level 7, -11/72 HPs)
             Began as a Minotaur Fighter on Jan 4, 2022.
             Was a Priest of Okawaru.
             Mangled by an ice devil (19 damage)
             ... in the Dungeon (Sprint VII: "The Pits").
             The game lasted 00:01:26 (549 turns).

boopmooplesden the Blocker (Minotaur Fighter)        Turns: 549, Time: 00:01:27

Health: -11/72     AC: 16    Str: 23    XL:     7   Next: 44%
Magic:  4/6        EV: 10    Int:  5    God:    Okawaru [***...]
Gold:   0          SH: 14    Dex:  9    Spells: 6/6 levels left

rFire    . . .     SeeInvis .   p - +2 hand axe (freeze)
rCold    . . .     Faith    .   c - +0 kite shield
rNeg     . . .     Spirit   .   o - +3 chain mail
rPois    .         Reflect  .   (helmet restricted)
rElec    .         Harm     .   (no cloak)
rCorr    .         Rampage  .   (no gloves)
Will     .....     NoTele   +   (no boots)
Stlth    ..........             (no amulet)
HPRegen  0.22/turn              (no ring)
MPRegen  0.10/turn              (no ring)

@: heroic
A: horns 2, retaliatory headbutt
a: Renounce Religion, Heroism


You were in the Dungeon.
You worshipped Okawaru.
Okawaru was most pleased with you.
You visited 1 branch

Inventory:

Hand Weapons
 a - a +0 war axe
 k - a +2 hand axe
 p - a +2 hand axe of freezing (weapon)
Armour
 b - a +0 scale mail
 c - a +0 kite shield (worn)
 o - a +3 chain mail (worn)
Scrolls
 j - a scroll of blinking
 m - 5 scrolls of amnesia
 n - a scroll of summoning
Potions
 d - a potion of might
 e - 6 potions of curing
 f - 6 potions of heal wounds
 g - a potion of haste
 h - 4 potions of magic
 i - 3 potions of berserk rage
 l - 2 potions of invisibility


   Skills:
 + Level 10.2(15.2) Fighting
 + Level 9.8(14.8) Axes
 + Level 10.4(15.4) Armour
 + Level 2.1(7.1) Dodging
 + Level 0.1(5.1) Stealth
 + Level 10.5(15.5) Shields
 + Level 0.2 Invocations


You had 6 spell levels left.
You didn't know any spells.
Your spell library was empty.

Dungeon Overview and Level Annotations

Branches:
Dungeon (1/1)

Altars:
Ashenzari
Cheibriados
Dithmenos
Elyvilon
Fedhas
Gozag
Hepliaklqana
Kikubaaqudgha
Makhleb
Nemelex Xobeh
Okawaru
Qazlal
Ru
Sif Muna
Trog
Uskayaw
Vehumet
Wu Jian
Xom
Yredelemnul
Zin
The Shining One
Beogh
Jiyva
Lugonu


Innate Abilities, Weirdness & Mutations

You have a pair of horns on your head.
You reflexively headbutt those who attack you in melee.


Message History

The acid dragon claws you but does no damage.
The ice devil hits you. The ice devil freezes you!!
The acid dragon bites you but does no damage.
The acid dragon claws you. The floating eye's view fixates on you.
The ice devil hits you but does no damage.
The acid dragon bites you but does no damage.
The acid dragon claws you but does no damage.
The ice devil hits you but does no damage.
The acid dragon spits acid at you. The splash of acid hits you.
You are splashed with acid!
The ice devil hits you but does no damage.
You can move again.
You hit the floating eye. You freeze the floating eye.
You headbutt the floating eye.
The floating eye is severely wounded.
You closely miss the ice devil. You slash the acid dragon!
You freeze the acid dragon. You block the acid dragon's attack.
The acid dragon claws you but does no damage.
You slash the floating eye! You freeze the floating eye.
You kill the floating eye!
Okawaru is honoured by your kill.
Okawaru will now gift you ammunition as you gain piety.
You hit the acid dragon. You freeze the acid dragon.
You closely miss the ice devil.
The ice devil hits you but does no damage.
The acid dragon bites you.
* * * LOW HITPOINT WARNING * * *
The acid dragon claws you.
* * * LOW HITPOINT WARNING * * *
Your base Dodging skill increases to level 2!
You slash the acid dragon! You freeze the acid dragon.
The acid dragon is severely wounded.
You slash the ice devil! You hit the acid dragon. You freeze the acid dragon.
The acid dragon is almost dead.
You barely miss the ice devil. The ice devil hits you!
* * * LOW HITPOINT WARNING * * *
The ice devil freezes you!!
You die...

#.#####'#####...<...#
#)#...).)[.##.......#
#†#...)))..##.......#
#'###########.......#
#.......#..##########
#.......#)######
#...#...#)#....#
#..###..#)#4...#
#...#...#.@....+
#.......#'#D...#
#.......'.#....#
################


You could see an ice devil and an acid dragon (catching breath).

Vanquished Creatures
  Menkaure (D)
  3 floating eyes (D)
  A black bear (D)
  A wolf (D)
  A gnoll sergeant (D)
  A hell rat (D)
  2 gnolls (D)
  A river rat (D)
  An ufetubus (D)
  An adder skeleton (D)
  A worm (D)
  2 jackals (D)
  A quokka (D)
  A ball python (D)
  A bat (D)
  3 goblins (D)
  2 kobolds (D)
24 creatures vanquished.

Notes
Turn   | Place    | Note
-------+----------+-------------------------------------------
     0 | D        | boopmooplesden the Minotaur Fighter began the quest for the
                  | Orb.
     0 | D        | Reached XP level 1. HP: 19/19 MP: 0/0
    16 | D        | Reached XP level 2. HP: 20/28 MP: 1/1
    42 | D        | Found a glowing golden altar of the Shining One.
    42 | D        | Found a glowing silver altar of Zin.
    42 | D        | Found a basalt altar of Yredelemnul.
    42 | D        | Found a shimmering altar of Xom.
    42 | D        | Found an ornate altar of the Wu Jian Council.
    42 | D        | Found a bloodstained altar of Trog.
    42 | D        | Found a shimmering blue altar of Sif Muna.
    42 | D        | Found a sacrificial altar of Ru.
    42 | D        | Found a stormy altar of Qazlal.
    42 | D        | Found an iron altar of Okawaru.
    42 | D        | Found a sparkling altar of Nemelex Xobeh.
    42 | D        | Found a burning altar of Makhleb.
    42 | D        | Found a viscous altar of Jiyva.
    42 | D        | Found a hazy altar of Hepliaklqana.
    42 | D        | Found an opulent altar of Gozag.
    42 | D        | Found a blossoming altar of Fedhas.
    42 | D        | Found a white marble altar of Elyvilon.
    42 | D        | Found a shadowy altar of Dithmenos.
    42 | D        | Found a snail-covered altar of Cheibriados.
    43 | D        | Found a radiant altar of Vehumet.
    43 | D        | Found a corrupted altar of Lugonu.
    44 | D        | Found a hide-covered altar of Uskayaw.
    44 | D        | Found an ancient bone altar of Kikubaaqudgha.
    44 | D        | Found a broken altar of Ashenzari.
    48 | D        | Became a worshipper of Warmaster Okawaru
    59 | D        | Noticed a floating eye
    63 | D        | Paralysed by a floating eye for 2 turns
    67 | D        | Killed a floating eye
    67 | D        | Reached * piety under Okawaru
    68 | D        | Reached XP level 3. HP: 35/39 MP: 2/2
    68 | D        | Reached XP level 4. HP: 43/47 MP: 3/3
    89 | D        | Noticed a floating eye
    92 | D        | Killed a floating eye
    93 | D        | Reached skill level 5 in Axes
    93 | D        | Reached XP level 5. HP: 50/56 MP: 4/4
   157 | D        | Noticed Menkaure
   158 | D        | Noticed a wolf
   174 | D        | Killed a wolf
   175 | D        | Reached skill level 1 in Dodging
   175 | D        | Reached XP level 6. HP: 63/63 MP: 2/5
   187 | D        | Killed Menkaure
   187 | D        | Reached ** piety under Okawaru
   359 | D        | Reached skill level 10 in Armour
   359 | D        | Reached skill level 10 in Shields
   359 | D        | Reached XP level 7. HP: 51/71 MP: 6/6
   362 | D        | Reached skill level 10 in Fighting
   538 | D        | Noticed an ice devil
   541 | D        | Paralysed by a floating eye for 4 turns
   547 | D        | Reached *** piety under Okawaru
   549 | D        | Mangled by an ice devil

Illustrated notes

Levels and vault maps discovered:
D:        pitsprint [storerooms_1, entrance_room_1, metal_vault_6, armoury_1,
          mini_pit_1, grid_room_1, main_hall_1, silver_pit, the_coven_1,
          the_vestibule_1, steel_vault_1, golden_pit, hallway_of_sentries,
          crystal_vault_4, iron_vault_1, final_vault]

Skill      XL: |  1  2  3  4  5  6  7 |
---------------+----------------------+-----
Fighting       | 4 7 8 9 10 | 10.2
Armour         | 4 7 8 9 10 | 10.4
Shields        | 4 7 8 9 10 | 10.5
Axes           | 4 5 6 8 9 |  9.8
Dodging        | 1 2 |  2.1
Stealth        | |  0.1
Invocations    | |  0.2

Action                   |  1- 3 |  4- 6 |  7- 9 || total
-------------------------+-------+-------+-------++-------
Melee: War axe           |     6 |       |       ||     6
       Hand axe          |     4 |    49 |    10 ||    63
       Headbutt          |       |    12 |     2 ||    14
Invok: Heroism           |       |     1 |     1 ||     2
Armor: Scale mail        |     1 |     6 |       ||     7
       Chain mail        |       |     7 |    13 ||    20
Dodge: Dodged            |     2 |    10 |       ||    12
Block: Kite shield       |     5 |    32 |     5 ||    42
